 Dungeon Crawl Stone Soup version 0.27.1-34-g3ba077fa99 (webtiles) character file.

Game seed: 17628399685821497390

5 styxcanada the Sneak (level 1, 0/10 HPs)
             Began as a Spriggan Brigand on Jan 11, 2022.
             Slain by a jackal (1 damage)
             ... on level 1 of the Dungeon.
             The game lasted 00:01:01 (406 turns).

styxcanada the Sneak (Spriggan Brigand)              Turns: 406, Time: 00:01:02

Health: 0/10       AC:  3    Str:  7    XL:     1   Next: 66%
Magic:  2/2        EV: 16    Int: 12    God:
Gold:   0          SH:  0    Dex: 16    Spells: 0/0 levels left

rFire    . . .     SeeInvis +   a - +2 dagger
rCold    . . .     Faith    .   (shield restricted)
rNeg     . . .     Spirit   .   b - +0 robe
rPois    .         Reflect  .   (helmet restricted)
rElec    .         Harm     .   c - +0 cloak
rCorr    .         Rampage  .   (gloves unavailable)
Will     .....                  (boots unavailable)
Stlth    +++.......             (no amulet)
HPRegen  0.03/turn              (no ring)
MPRegen  0.08/turn              (no ring)

@: very quick
A: very small, no large weapons, unfitting armour, see invisible, speed 3
a: no special abilities


You were on level 1 of the Dungeon.
You visited 1 branch of the dungeon, and saw 1 of its levels.

Inventory:

Hand Weapons
 a - a +2 dagger (weapon)
Missiles
 d - 7 poisoned darts (quivered)
 e - 2 curare-tipped darts
 i - 23 stones
Armour
 b - a +0 robe (worn)
 c - a +0 cloak (worn)
Scrolls
 g - 2 scrolls of teleportation {unknown}
 h - a scroll of identify {unknown}
Potions
 f - a potion of degeneration {unknown}


   Skills:
 * Level 1.5 Fighting
 + Level 2.2 Short Blades
 + Level 2.0 Throwing
 * Level 1.4 Dodging
 * Level 6.3 Stealth


You couldn't memorise any spells.
You didn't know any spells.
Your spell library was empty.

Dungeon Overview and Level Annotations

Branches:
Dungeon (1/15)

Altars:


Innate Abilities, Weirdness & Mutations

You are very small and have problems with some larger weapons.
You are too small for most types of armour.
You have supernaturally acute eyesight. (SInv)
You cover ground extremely quickly. (Speed+++)


Message History

You barely miss the jackal.
The jackal is moderately wounded.
The jackal misses you.
You barely miss the jackal. You miss the jackal. The jackal misses you.
You closely miss the jackal. The jackal barely misses you.
You hit the jackal.
The jackal is moderately wounded.
The jackal misses you. x2
You hit the jackal but do no damage. The jackal misses you.
You closely miss the jackal. The jackal bites you.
You hit the jackal.
The jackal is heavily wounded.
The jackal barely misses you.
You hit the jackal.
The jackal is severely wounded.
The jackal bites you. The jackal barely misses you.
You hit the jackal.
The jackal is almost dead.
The jackal bites you but does no damage.
You completely miss the jackal.
The jackal is almost dead.
The jackal misses you.
You miss the jackal.
The jackal is almost dead.
The jackal bites you.
* * * LOW HITPOINT WARNING * * *
The jackal bites you but does no damage.
You closely miss the jackal.
The jackal is almost dead.
The jackal closely misses you.
Throw: 8 darts (poison)
Press: ? - help, Q - select action, (/) - cycle Shift-Dir - straight line, f - jackal
Aim: a jackal (almost dead, 53% to hit)
You throw a poisoned dart. The poisoned dart hits the jackal.
The jackal is poisoned.
The jackal is almost dead.
You kill the jackal!
The jackal bites you.
You die...

..#..###..###
............
##...###....##### ...#.#
##........ #.##.#
#........# #.##.#
#........ #.##.#
#...>... ###
#.##.####.....###..#
..##..#..>...rhh@..#
..#.#.#.#.....###..#
....#.# #......# .....
..#.#.# #......##......#
....#.#.#..............#
...##.#.#..†...........#
...#..#......#.#.####.##
.....##..........# .#
#.#.#........#.#.# ##


You could see a quokka and 2 jackals.

Vanquished Creatures
  A dart slug (D:1)
  A ball python (D:1)
  A jackal (D:1)
  2 rats (D:1)
5 creatures vanquished.

Notes
Turn   | Place    | Note
-------+----------+-------------------------------------------
     0 | D:1      | styxcanada the Spriggan Brigand began the quest for the
                  | Orb.
     0 | D:1      | Reached XP level 1. HP: 10/10 MP: 2/2
    41 | D:1      | Reached skill level 6 in Stealth
   406 | D:1      | Slain by a jackal

Illustrated notes

Levels and vault maps discovered:
D:1:      eino_arrival_tree_alley, layout_rooms, serial_co_window_serial,
          co_window_paths_a, co_window_corner_a, co_window_corner_a,
          co_window_paths_a, co_window_corner_a, co_window_paths_a,
          co_window_paths_a, co_window_corner_a, co_window_corner_a,
          co_window_broadway_b, co_window_unsneaky_path_e,
          co_window_unsneaky_path_a, co_window_corner_b, co_window_corner_b,
          glass_columns_b, glass_columns_c, glass_columns_a, glass_columns_c

Skill      XL: |  1 |
---------------+----+-----
Stealth        | 6 |  6.3
Fighting       | |  1.5
Short Blades   | |  2.2
Throwing       | |  2.0
Dodging        | |  1.4

Action                   || total
-------------------------++-------
Melee: Dagger            ||    23
Throw: Dart              ||     1
 Stab: Sleeping          ||     2
Armor: Robe              ||     5
Dodge: Dodged            ||    16
